 Dungeon Crawl Stone Soup version 0.21-a0-442-g848f44b (webtiles) character file.

1804 kae the Digger (level 9, -4/52 HPs)
             Began as a Gargoyle Earth Elementalist on Nov 16, 2017.
             Was an Initiate of Vehumet.
             Slain by an orc warrior
             ... wielding a +0 halberd
              (15 damage)
             ... on level 6 of the Dungeon.
             The game lasted 00:10:53 (7494 turns).

kae the Digger (Gargoyle Earth Elementalist)        Turns: 7494, Time: 00:10:54

Health: -4/52      AC: 12    Str: 18    XL:     9   Next: 9%
Magic:  18/26      EV: 13    Int: 18    God:    Vehumet [......]
Gold:   341        SH:  0    Dex: 10    Spells: 14/18 levels left

rFire    . . .     SeeInvis .   p - +0 whip (venom)
rCold    . . .     Gourm    .   (no shield)
rNeg     + + .     Faith    .   c - +1 robe
rPois    ∞         Spirit   .   w - +0 helmet
rElec    +         Reflect  .   B - +0 cloak
rCorr    .         Harm     .   v - +0 pair of gloves
MR       .....                  (no boots)
Stlth    ++........             (no amulet)
HPRegen  0.17/turn              g - ring of positive energy
MPRegen  0.20/turn              j - ring of magical power

@: mighty, berserk cooldown, very slightly contaminated, hasted and slowed
A: negative energy resistance 1, electricity resistance, unbreathing,
petrification resistance, rot immunity, AC +6
a: Renounce Religion


You were on level 6 of the Dungeon.
You worshipped Vehumet.
Vehumet was noncommittal.
You were hungry.

You visited 2 branches of the dungeon, and saw 7 of its levels.
You also visited: Sewer.

You collected 341 gold pieces.

Inventory:

Hand Weapons
 f - a +1 mace of draining
 p - a +0 whip of venom (weapon)
Missiles
 b - 61 stones (quivered)
Armour
 c - a +1 robe (worn)
 v - a +0 pair of gloves (worn)
 w - a +0 helmet (worn)
 B - a +0 cloak (worn)
Jewellery
 g - a ring of positive energy (left hand)
 j - a ring of magical power (right hand)
 t - an uncursed ring of flight {unknown}
Wands
 D - a wand of lightning (10/15)
 G - a wand of polymorph (3/24)
 J - a wand of polymorph (5/24)
Scrolls
 a - 3 scrolls of enchant weapon
 h - a scroll of remove curse
 n - a scroll of immolation
 o - a scroll of identify
 r - 2 scrolls of recharging
 x - a scroll of enchant armour
 y - 4 scrolls of teleportation
 C - 2 scrolls of fear
Potions
 i - a potion of degeneration
 l - a potion of haste
 u - 2 potions of flight
 z - 4 potions of curing
 F - a potion of magic
 I - a potion of brilliance
Books
 e - a book of Geomancy

   Spells                             Type                      Level
   a - Sandblast                      Earth                        1
   b - Passwall                       Transmutation/Earth          2
   c - Stone Arrow                    Conjuration/Earth            3
   d - Petrify                        Transmutation/Earth          4
   e - Lee's Rapid Deconstruction     Earth                        5
Comestibles
 d - 3 bread rations
 k - 3 royal jellies
 m - 3 fruits
 A - a meat ration


   Skills:
 + Level 3.8 Fighting
 + Level 3.0 Maces & Flails
 + Level 3.4 Dodging
 - Level 2.1 Stealth
 * Level 5.4 Spellcasting
 * Level 5.6 Conjurations
   Level 0.7 Transmutations
 * Level 7.7 Earth Magic


You had 14 spell levels left.
You knew the following spells:

 Your Spells              Type           Power        Failure   Level  Hunger
a - Sandblast             Erth           ####..       1%          1    None
b - Stone Arrow           Conj/Erth      ####..       2%          3    ##.....


Dungeon Overview and Level Annotations

Branches:
Dungeon (6/15)             Temple (1/1) D:6

Altars:
Ashenzari
Cheibriados
Dithmenos
Elyvilon
Fedhas
Gozag
Hepliaklqana
Kikubaaqudgha
Makhleb
Nemelex Xobeh
Okawaru
Qazlal
Ru
Sif Muna
Trog
Uskayaw
Vehumet
Wu Jian
Xom
Yredelemnul
The Shining One

Annotations:
D:6 Prince Ribbit


Innate Abilities, Weirdness & Mutations

You are resistant to torment.
Your stone body is resilient. (AC +6)
You are immune to poison.
You resist negative energy. (rN+)
You are resistant to electric shocks. (rElec)
You can survive without breathing.
You are immune to petrification.
You are immune to rotting.


Message History

Aiming: Stone Arrow
Press: ? - help, Shift-Dir - straight line, f/p - orc warrior
Aim: an orc warrior, wielding a halberd and wearing a plate armour (translocational energy, severely wounded)
The stone arrow hits the orc warrior.
The orc warrior is almost dead.
The orc wizard casts a spell.
The orc wizard flickers and vanishes!
Deactivating autopickup; reactivate with Ctrl-A.
The orc wizard misses you.
Casting: Stone Arrow
Confirm with . or Enter, or press ? or * to list all spells.
Aiming: Sandblast
Press: ? - help, Shift-Dir - straight line, f/p - orc warrior
Aim: an orc warrior, wielding a halberd and wearing a plate armour (almost dead)
The blast of sand misses the orc warrior.
b - 61 stones The orc wizard hits you but does no damage.
The orc wizard closely misses you.
The orc warrior hits you from afar with a halberd!
You die...

..........# ####.# #.#
#####...#.# #....###.#
.....##.#.# #.#####...
####.##.#.# #.# #### ####....#.#
#.# .o.######.# #÷# .P.#......#
#.# >.)#.################# #.#
.Po..o....5.{§o[@o[..# #.#
...#.###############.###.########
..........,,,...)..............>.
####......,,,............#.######
#######***#############.#
#...>...#.# #.♣...♣.#.#
#.......#.# #.♣...♣.#.#


You could see an orc warrior, an orc wizard and a crimson imp.

Vanquished Creatures
  The ghost of Qupu the Ruffian, an amateur VSTm (D:4)
  Eustachio (D:4)
  A warg (D:6)
  A sky beast (D:5)
  A phantom (D:6)
  2 ogres
  Blork the orc (D:4)
  Dowan (D:6)
  A scorpion (D:4)
  A howler monkey (D:6)
  3 crimson imps
  A centaur zombie (D:6)
  2 quasits (D:5)
  Crazy Yiuf (D:4)
  3 orc wizards
  Ijyb (D:5)
  2 iguanas
  Natasha (thrice) (D:3)
  A worker ant (D:5)
  3 hound skeletons
  11 adders
  2 gnolls (D:3)
  A river rat (D:5)
  An ooze (D:3)
  An adder skeleton (D:4)
  6 worms
  3 dart slugs
  3 leopard geckos
  12 orcs
  5 ball pythons
  5 bats
  6 giant cockroaches
  5 goblins
  10 hobgoblins
  20 jackals
  12 kobolds
  5 quokkas
  7 frilled lizards
  A giant cockroach zombie (D:5)
  A quokka skeleton (D:4)
  4 rats
  A fungus (D:4)
  4 plants (Sewer)
157 creatures vanquished.

Vanquished Creatures (others)
  A plant (Sewer)
1 creature vanquished.

Grand Total: 158 creatures vanquished

Notes
Turn   | Place    | Note
-------+----------+-------------------------------------------
     0 | D:1      | kae the Gargoyle Earth Elementalist began the quest for the Orb.
     0 | D:1      | Reached XP level 1. HP: 10/10 MP: 3/3
   530 | D:1      | Reached XP level 2. HP: 12/15 MP: 5/5
   559 | D:1      | Reached skill level 4 in Earth Magic
   779 | D:1      | Reached XP level 3. HP: 19/19 MP: 6/6
   784 | D:1      | Learned a level 3 spell: Stone Arrow
  1617 | D:2      | Found a faded altar of an unknown god.
  1639 | D:2      | Reached skill level 1 in Conjurations
  1639 | D:2      | Reached XP level 4. HP: 20/24 MP: 8/8
  2843 | D:3      | Reached skill level 1 in Fighting
  2843 | D:3      | Reached XP level 5. HP: 19/29 MP: 6/9
  2891 | D:3      | Noticed an ogre
  2895 | D:3      | Killed an ogre
  2895 | D:3      | Reached skill level 5 in Earth Magic
  3003 | D:3      | Reached XP level 6. HP: 34/34 MP: 5/11
  3403 | D:3      | Noticed Natasha
  3410 | D:3      | Killed Natasha
  3422 | D:3      | Noticed Natasha
  3434 | D:3      | Killed Natasha
  3846 | D:3      | Noticed Natasha
  3852 | D:3      | Killed Natasha
  3983 | D:4      | Noticed Blork the orc
  3984 | D:4      | Noticed Eustachio
  4002 | D:4      | Killed Blork the orc
  4002 | D:4      | Reached skill level 1 in Maces & Flails
  4002 | D:4      | Reached XP level 7. HP: 24/40 MP: 9/13
  4024 | D:4      | Killed Eustachio
  4024 | D:4      | Reached skill level 6 in Earth Magic
  4196 | D:4      | Noticed Qupu's ghost (amateur VSTm)
  4213 | D:4      | Killed Qupu's ghost
  4213 | D:4      | Reached XP level 8. HP: 22/45 MP: 5/14
  4451 | D:4      | Found a blossoming altar of Fedhas.
  4862 | D:4      | Found a runed door.
  4866 | D:4      | Noticed Crazy Yiuf
  4868 | D:4      | Killed Crazy Yiuf
  4955 | D:5      | Entered Level 5 of the Dungeon
  4988 | D:5      | Noticed Ijyb
  4997 | D:5      | Killed Ijyb
  5109 | D:5      | Found a shadowy altar of Dithmenos.
  5211 | D:5      | Found a sand-covered staircase.
  5408 | D:5      | Reached skill level 7 in Earth Magic
  5438 | D:5      | Reached skill level 5 in Spellcasting
  5608 | D:5      | Found a glowing drain.
  5682 | Sewer    | Entered a sewer
  5798 | Sewer    | Reached skill level 5 in Conjurations
  7128 | D:6      | Noticed Dowan
  7132 | D:6      | Noticed Duvessa
  7132 | D:6      | Found a staircase to the Ecumenical Temple.
  7149 | D:6      | Noticed Duvessa
  7156 | D:6      | Killed Duvessa the warg
  7156 | D:6      | Reached XP level 9. HP: 41/52 MP: 17/17
  7158 | D:6      | Killed Dowan
  7347 | Temple   | Entered the Ecumenical Temple
  7379 | Temple   | Became a worshipper of Vehumet
  7477 | D:6      | Noticed Prince Ribbit
  7494 | D:6      | Slain by an orc warrior

Vault maps used:
D:1:      dpeg_arrival_shrine, minmay_close_crescents
D:2:      chequers_ecumenical_altar_simple
D:3:      uniq_natasha
D:4:      fedhas_altar_fruit_tree, uniq_crazy_yiuf_cottage, uniq_blork_the_orc,
          uniq_eustachio
D:5:      first_bread, cheibrodos_sewer_entry_sluice,
          nicolae_ossuary_entry_ruins, grunt_dithmenos_smoke, uniq_ijyb
D:6:      minmay_temple_entry_trees, grunt_ministairs_3, hex_intersection,
          uniq_prince_ribbit1, uniq_duvessa, uniq_menkaure
Temple:   nicolae_temple_the_god_donut
Sewer:    sewer_co_scattered_pipes

Skill      XL: |  1  2  3  4  5  6  7  8  9 |
---------------+----------------------------+-----
Earth Magic    | 4 5 6 7 |  7.7
Conjurations   | 1 2 3 4 5 |  5.6
Spellcasting   | 3 4 5 |  5.4
Fighting       | 1 2 3 |  3.8
Dodging        | 2 3 |  3.4
Maces & Flails | 1 2 3 |  3.0
Stealth        | |  2.1
Transmutations | |  0.7

Action                   |  1- 3 |  4- 6 |  7- 9 || total
-------------------------+-------+-------+-------++-------
Melee: Mace              |   100 |    67 |       ||   167
       Unarmed           |     2 |       |       ||     2
       Whip              |       |    67 |   443 ||   510
 Cast: Sandblast         |    15 |    35 |    24 ||    74
       Stone Arrow       |       |     4 |    39 ||    43
  Use: Scroll            |     1 |     6 |     9 ||    16
       Potion            |       |     1 |     3 ||     4
 Stab: Sleeping          |     3 |     4 |     2 ||     9
       Distracted        |       |     1 |       ||     1
  Eat: Chunk             |     2 |     4 |    12 ||    18
       Meat ration       |       |     1 |       ||     1
       Fruit             |       |       |     2 ||     2
Armor: Robe              |    47 |    60 |   199 ||   306
Dodge: Dodged            |    87 |   109 |   278 ||   474

Table legend:
 A = Spawn XP
 B = Non-spawn XP
 C = Spawn XP percentage of total XP
 D = Spawn monster count
 E = Non-spawn monster count
 F = Spawn count percentage of total count
 G = Total turns spent on level
                    A         B        C        D         E        F      G
               +---------+---------+-------+---------+---------+-------+---------
         Total |       0 |    2578 |   0.0 |       0 |     152 |   0.0 |  7494
               +---------+---------+-------+---------+---------+-------+---------
           D:1 |       0 |      37 |   0.0 |       0 |      19 |   0.0 |   995
           D:2 |       0 |     120 |   0.0 |       0 |      31 |   0.0 |  1823
           D:3 |       0 |     312 |   0.0 |       0 |      23 |   0.0 |  1050
           D:4 |       0 |     894 |   0.0 |       0 |      18 |   0.0 |  1087
           D:5 |       0 |     544 |   0.0 |       0 |      22 |   0.0 |   771
           D:6 |       0 |     586 |   0.0 |       0 |      17 |   0.0 |   780
         Sewer |       0 |      85 |   0.0 |       0 |      22 |   0.0 |   931
               +---------+---------+-------+---------+---------+-------+---------
